 Dungeon Crawl Stone Soup version 0.16-a0-1858-gba9b1e2 (webtiles) character file.

47326 Gorice the Impaler (level 14, -3/93 HPs)
             Began as a Demonspawn Wanderer on Nov 3, 2014.
             Was a High Priest of Okawaru.
             Killed by divine providence
             ... invoked by an orc priest
              (8 damage)
             ... on level 2 of the Orcish Mines on Nov 4, 2014.
             The game lasted 03:16:43 (20217 turns).

Gorice the Impaler (Demonspawn Wanderer)           Turns: 20217, Time: 03:16:45

Health: -3/93      AC: 23    Str: 18    XL:     14   Next: 8%
Magic:  25/25      EV: 23    Int: 21    God:    Okawaru [*****.]
Gold:   1478       SH:  0    Dex: 21    Spells: 0 memorised, 15 levels left

rFire  + . .     SeeInvis +     a - +1 glaive (venom)
rCold  + . .     Clarity  .     m - +11 scale mail of Lureteil {rC+ SInv}
rNeg   . . .     SustAb   .     (no shield)
rPois  .         Gourm    .     f - +1 hat
rElec  .         Spirit   .     (no cloak)
rCorr  .         Warding  .     M - +0 pair of gloves of Graan {Dex+3 Int+4}
rMut   .         Stasis   .     e - +1 pair of boots {Stlth+}
MR     +....                    h - amulet of regeneration
Stlth  ++........               W - +6 ring of strength
                                V - +3 ring of dexterity

@: repel missiles, somewhat resistant to hostile enchantments, unstealthy
A: claws 1, horns 2, repulsion field 3, fire resistance 1, powered by death 2,
flame cloud immunity
a: Heroism, Finesse, Renounce Religion


You were on level 2 of the Orcish Mines.
You worshipped Okawaru.
Okawaru was extremely pleased with you.
You were not hungry.

You visited 4 branches of the dungeon, and saw 22 of its levels.

You collected 1478 gold pieces.

Inventory:

Hand weapons
 a - a +1 glaive of venom (weapon)
 b - a +0 arbalest
 t - a +2 trident of piercing
 B - a +4 blowgun
Missiles
 g - 8 javelins (quivered)
 k - 6 curare-tipped needles
 s - 5 bolts of frost
 G - 14 bolts of penetration
 O - 97 bolts
 Y - 2 throwing nets
Armour
 e - a +1 pair of boots of stealth (worn)
 f - a +1 hat (worn)
 m - the +11 scale mail of Lureteil (worn) {rC+ SInv}
   (You acquired it on level 1 of the Lair of Beasts)

   It protects you from cold.
   It enhances your eyesight.
 x - the +1 scale mail of the Jackalope {+Inv rF+ SInv}
   (Okawaru gifted it to you on level 13 of the Dungeon)

   It protects you from fire.
   It enhances your eyesight.
   It lets you turn invisible.
 M - the +0 pair of gloves of Graan (worn) {Dex+3 Int+4}
   (You found it on level 8 of the Dungeon)

   It affects your intelligence (+4).
   It affects your dexterity (+3).
Rods
 C - a +0 rod of clouds (14/14)
   (You found it on level 5 of the Dungeon)
 I - a +0 rod of inaccuracy (14/14)
   (You found it on level 9 of the Dungeon)
Jewellery
 h - an amulet of regeneration (around neck)
 E - an uncursed ring of protection from magic
 F - an uncursed amulet of guardian spirit
 V - a +3 ring of dexterity (left hand)
 W - a +6 ring of strength (right hand)
 X - an uncursed amulet of resist corrosion
Magical devices
 d - a wand of fire (4)
 p - a wand of enslavement (9)
 q - a wand of draining (7)
 r - a wand of cold (6)
 y - a wand of invisibility (3)
 A - a wand of cold (6)
 U - a wand of paralysis (3)
Scrolls
 i - 12 scrolls of teleportation
 j - 7 scrolls of remove curse
 v - 4 scrolls of fear
 L - a scroll of fog
Potions
 c - 15 potions of curing
 l - 3 potions of resistance
 n - 5 potions of haste
 o - 2 potions of cancellation
 w - 4 potions of might
 K - 2 potions of agility
Comestibles
 u - 6 meat rations
 z - 18 fruits


   Skills:
 - Level 3.0 Fighting
 * Level 15.8 Polearms
 + Level 6.0 Armour
 + Level 12.8 Dodging
 - Level 1.7 Stealth
   Level 1.0 Shields
 - Level 1.0 Spellcasting
   Level 1.0 Hexes
   Level 1.0 Summonings
 - Level 8.0 Invocations


You had 15 spell levels left.
You didn't know any spells.

Dungeon Overview and Level Annotations

Branches:
Dungeon (13/15)            Temple (1/1) D:5            Lair (6/8) D:11
 Shoals (0/5) Lair:3       Spider (0/5) Lair:3          Orc (2/4) D:10
  Slime: Lair:6-8    Vaults: D:13-14

Altars:
Ashenzari
Cheibriados
Dithmenos
Elyvilon
Fedhas
Gozag
Kikubaaqudgha
Makhleb
Nemelex Xobeh
Okawaru
Qazlal
Ru
Sif Muna
Trog
Vehumet
Xom
Yredelemnul
Zin
The Shining One
Beogh

Shops:
D:5 }

Annotations:
Lair:6 pUX rupert!, Rupert


Innate Abilities, Weirdness & Mutations

You have a pair of horns on your head.
You are surrounded by a strong repulsion field (EV +4, rMsl).
Your flesh is heat resistant.
You can steal the life force of defeated enemies.
You are immune to clouds of flame.
You have sharp fingernails.


Message History

The orc warrior misses you.
You completely miss the orc knight. You headbutt the orc knight.
The orc knight is heavily wounded.
The orc warrior hits you but does no damage.
The orc warrior hits you with a battleaxe!
The orc warrior misses you.
You barely miss the orc knight.
You headbutt the orc knight, but do no damage.
The orc knight is severely wounded.
The orc knight roars a battlecry!
The orcs go into a battle-frenzy!
The orc knight hits you with a battleaxe!
The orc warrior hits you from afar with a glaive!
* * * LOW HITPOINT WARNING * * *
The orc warrior barely misses you.
The orc warrior hits you with a battleaxe!
* * * LOW HITPOINT WARNING * * *
The orc priest calls down the wrath of Beogh upon you.
Something smites you!
You die...

##...#.##.........#.#####.#
#.............#......##.... ###
##.....#................... ##.##
#....##..................# ....#
#....[).........#........#
...#####..#.......##..#.....#....
.##...#......<.#...#..P#.#.####.#
.#..........#.#o..###.####.## ###
...............#@## ### #...#
...............#o## ###...#
...............ooo# ##.##.##
...............oo## #......#
.......#...##...o# ##.##.##
....#[)..........### ######
#....<>..........o.##
...(.[[)............#
#(#..........#......#


You could see an orc knight, 4 orc warriors, an orc priest (frenzied) and 3
orcs.

Vanquished Creatures
  A rakshasa (D:13)
  3 hydras
  The ghost of wvc the Devastator, a powerful DECj of Vehumet (Lair:3)
  Erica (D:11)
  A centaur warrior (D:10)
  2 kobold demonologists (D:13)
  Nergalle (Lair:2)
  2 unseen horrors
  Pikel (D:7)
  4 hill giants
  An ugly thing (D:12)
  A griffon (Lair:6)
  An orc knight (Orc:1)
  A cyclops (D:12)
  2 black mambas
  Joseph (D:7)
  5 spiny frogs
  A gargoyle (D:11)
  A centaur skeleton (D:11)
  A siren (Lair:3)
  Psyche (D:10)
  A fire drake (Lair:3)
  The ghost of timbw the Cudgeler, an average TrHu (D:8)
  A polar bear (Lair:5)
  Sonja (D:11)
  A two-headed ogre (D:12)
  3 trolls (D:13)
  10 blink frogs
  3 basilisks
  2 wyverns
  A spriggan (Lair:5)
  A tarantella (Lair:4)
  51 yaks
  3 redbacks (Lair:4)
  A wraith (D:10)
  A hill giant zombie (D:11)
  Grum (D:12)
  4 hippogriffs
  A deep elf fighter (D:11)
  17 wolves
  9 water moccasins
  Edmund (D:7)
  3 mottled dragons
  A soldier ant (D:11)
  9 porcupines
  4 black bears
  17 orc warriors
  4 phantoms
  2 ice beasts
  A sky beast (D:13)
  An eye of draining (D:8)
  6 centaurs
  6 ogres
  A big kobold (D:13)
  7 crocodiles
  A boring beetle (Lair:5)
  A gnoll sergeant (D:7)
  A cyclops zombie (D:9)
  9 giant frogs
  4 yak zombies (D:13)
  7 scorpions
  13 killer bees
  A hippogriff zombie (D:8)
  An electric eel (Lair:3)
  4 wights (D:4)
  3 crimson imps
  5 jellies
  A centaur zombie (D:7)
  23 orc priests
  A goliath beetle (D:6)
  15 hounds
  23 orc wizards
  7 iguanas
  Natasha (D:6)
  7 sheep
  6 worker ants
  A killer bee zombie (D:8)
  A worker ant zombie (D:5)
  A mummy (D:11)
  4 gnolls (D:7)
  13 green rats
  15 adders
  4 giant mites
  A goliath beetle zombie (D:5)
  4 shadow imps
  3 worms
  3 oozes
  85 orcs
  2 ball pythons
  A bat skeleton (D:7)
  A bat zombie (D:5)
  21 goblins
  15 hobgoblins
  3 jackals (D:10)
  19 kobolds
  13 quokkas
  25 bats
  6 giant cockroaches
  4 giant geckos
  5 giant newts
  A giant spore (D:10)
  9 rats
  2 ballistomycetes (D:13)
605 creatures vanquished.

Vanquished Creatures (others)
  An orc wizard (D:12)
  A quokka (D:9)
  A giant spore (D:13)
  2 fungi (Lair:1)
5 creatures vanquished.

Grand Total: 610 creatures vanquished

Notes
Turn   | Place    | Note
--------------------------------------------------------------
     0 | D:1      | Gorice, the Demonspawn Wanderer, began the quest for the Orb.
     0 | D:1      | Reached XP level 1. HP: 18/18 MP: 2/2
   191 | D:1      | Reached skill level 1 in Polearms
   255 | D:1      | SDA on level 1: unusual
   305 | D:1      | Gained mutation: You are surrounded by a mild repulsion field (EV +2). [demonic ancestry]
   305 | D:1      | Reached XP level 2. HP: 24/24 MP: 3/3
   892 | D:2      | Gained mutation: You have a pair of small horns on your head. [demonic ancestry]
   892 | D:2      | Reached XP level 3. HP: 27/29 MP: 4/4
  1471 | D:2      | Reached XP level 4. HP: 32/35 MP: 5/5
  2218 | D:3      | Gained mutation: You can steal the life force of nearby defeated enemies. [demonic ancestry]
  2218 | D:3      | Reached XP level 5. HP: 41/41 MP: 7/7
  2784 | D:4      | Reached skill level 4 in Polearms
  2798 | D:4      | Gained mutation: You can steal the life force of defeated enemies. [demonic ancestry]
  2798 | D:4      | Reached XP level 6. HP: 35/47 MP: 8/8
  2831 | D:4      | Found a snail-covered altar of Cheibriados.
  2923 | D:4      | Reached skill level 5 in Polearms
  3192 | D:5      | Entered Level 5 of the Dungeon
  3346 | D:5      | Gained mutation: You are surrounded by a moderate repulsion field (EV +3). [demonic ancestry]
  3346 | D:5      | Reached XP level 7. HP: 45/52 MP: 9/9
  3536 | D:5      | Identified a +0 rod of clouds (14/14) (You found it on level 5 of the Dungeon)
  3644 | D:5      | Gained mutation: You have sharp fingernails. [potion of beneficial mutation]
  3669 | D:5      | Found Yzoor's Gadget Boutique.
  3710 | D:5      | Found a sparkling altar of Nemelex Xobeh.
  3747 | D:5      | Reached skill level 6 in Polearms
  4040 | D:5      | Found a staircase to the Ecumenical Temple.
  4051 | Temple   | Entered the Ecumenical Temple
  4162 | Temple   | Became a worshipper of Warmaster Okawaru
  4446 | D:6      | Noticed Natasha
  4453 | D:6      | Killed Natasha
  4462 | D:6      | Found a sparkling altar of Nemelex Xobeh.
  4520 | D:6      | Reached XP level 8. HP: 58/58 MP: 10/10
  4602 | D:6      | Reached skill level 7 in Polearms
  4815 | D:6      | Reached skill level 5 in Dodging
  4984 | D:6      | Acquired Okawaru's first power
  5080 | D:6      | Reached skill level 8 in Polearms
  5483 | D:7      | Found a deep blue altar of Sif Muna.
  5675 | D:7      | Reached XP level 9. HP: 63/63 MP: 11/11
  5743 | D:7      | Reached skill level 9 in Polearms
  5924 | D:7      | Noticed Edmund
  5936 | D:7      | Killed Edmund
  5953 | D:7      | Noticed Joseph
  5954 | D:7      | Noticed Pikel
  5986 | D:7      | Killed Joseph
  6096 | D:7      | Killed Pikel
  6096 | D:7      | Reached skill level 10 in Polearms
  6356 | D:8      | Found a shattered altar of Ashenzari.
  6378 | D:8      | Noticed timbw's ghost (average TrHu)
  6417 | D:8      | Found a bloodstained altar of Trog.
  6496 | D:8      | Killed timbw's ghost
  6610 | D:8      | Gained mutation: Your flesh is heat resistant. [demonic ancestry]
  6610 | D:8      | Reached XP level 10. HP: 51/70 MP: 13/13
  6962 | D:8      | Reached skill level 11 in Polearms
  7014 | D:8      | Got a pair of faintly glowing gloves
  7020 | D:8      | Identified the +0 pair of gloves of Graan {Dex+3 Int+4} (You found it on level 8 of the Dungeon)
  7167 | D:8      | Found a radiant altar of Vehumet.
  7167 | D:8      | Found an ancient bone altar of Kikubaaqudgha.
  7242 | D:8      | Noticed a hill giant
  7255 | D:8      | Killed a hill giant
  7816 | D:9      | Found a white marble altar of Elyvilon.
  7860 | D:9      | Acquired Okawaru's second power
  7877 | D:9      | Reached skill level 12 in Polearms
  7916 | D:9      | Reached skill level 10 in Dodging
  7916 | D:9      | Gained mutation: You are surrounded by a strong repulsion field (EV +4, rMsl). [demonic ancestry]
  7916 | D:9      | Reached XP level 11. HP: 75/75 MP: 13/22
  8267 | D:9      | Identified a +0 rod of inaccuracy (14/14) (You found it on level 9 of the Dungeon)
  8529 | D:10     | Entered Level 10 of the Dungeon
  8622 | D:10     | Found a staircase to the Orcish Mines.
  8777 | D:10     | Received a gift from Okawaru
  8876 | D:10     | Noticed Psyche
  8890 | D:10     | Killed Psyche
  8987 | D:10     | Noticed a centaur warrior
  9006 | D:10     | Killed a centaur warrior
  9619 | D:10     | Upgraded the game from 0.16-a0-1816-g2c93a98 to 0.16-a0-1858-gba9b1e2
  9870 | Temple   | Due to a bug all weapons in the dungeon
  9870 | Temple   | up to this point have been branded holy wrath
  9870 | Temple   | so I daren't unweild my halberd of holy wrath(!)
  9870 | Temple   | until some new polearems get generated...
 10175 | D:11     | Noticed a hill giant
 10181 | D:11     | Killed a hill giant
 10181 | D:11     | Reached XP level 12. HP: 81/81 MP: 23/23
 10248 | D:11     | Noticed Sonja
 10382 | D:11     | Killed Sonja
 10640 | D:11     | Found a staircase to the Lair.
 10768 | D:11     | Noticed Erica
 10796 | D:11     | Killed Erica
 10945 | D:11     | Reached skill level 13 in Polearms
 11168 | Lair:1   | Entered Level 1 of the Lair of Beasts
 11168 | Lair:1   | Noticed a five-headed hydra
 11791 | Lair:1   | OK found a trident and a halberd (both +0) so ditched my halb of HW
 11986 | Lair:1   | Killed a five-headed hydra
 12068 | Lair:1   | Received a gift from Okawaru
 12265 | Lair:1   | Identified 2 scrolls of acquirement
 12272 | Lair:1   | Got a jewelled scale mail
 12283 | Lair:1   | Identified the +11 scale mail of Lureteil {rC+ SInv} (You acquired it on level 1 of the Lair of Beasts)
 12375 | Lair:2   | Noticed a five-headed hydra
 12393 | Lair:2   | Killed a five-headed hydra
 12393 | Lair:2   | Reached skill level 14 in Polearms
 12393 | Lair:2   | Reached skill level 1 in Armour
 12430 | Lair:2   | Noticed Nergalle
 12453 | Lair:2   | Killed Nergalle
 13224 | Lair:3   | Found a hole to the Spider Nest.
 13380 | Lair:3   | Gained mutation: You are immune to clouds of flame. [demonic ancestry]
 13380 | Lair:3   | Reached XP level 13. HP: 84/86 MP: 25/25
 13408 | Lair:3   | Noticed wvc's ghost (powerful DECj)
 13426 | Lair:3   | Killed wvc's ghost
 14254 | Lair:3   | Found a staircase to the Shoals.
 15912 | Lair:5   | Wow now a shadow dragon armour!
 17117 | Lair:6   | Received a gift from Okawaru
 17157 | Lair:6   | Reached skill level 15 in Polearms
 17171 | Lair:6   | Noticed Rupert
 17176 | Lair:6   | Paralysed by Rupert for 4 turns
 17947 | D:12     | Reached skill level 5 in Armour
 18151 | D:12     | Noticed Grum
 18160 | D:12     | Killed Grum
 18512 | D:13     | Received a gift from Okawaru
 19074 | D:13     | Received a gift from Okawaru
 19074 | D:13     | Gained mutation: You have a pair of horns on your head. [demonic ancestry]
 19074 | D:13     | Reached XP level 14. HP: 93/93 MP: 25/25
 19075 | D:13     | Got a citrine-encrusted scale mail {god gift}
 19109 | D:12     | Identified the +1 scale mail of the Jackalope {+Inv rF+ SInv} (Okawaru gifted it to you on level 13 of the Dungeon)
 19375 | Orc:1    | Entered Level 1 of the Orcish Mines
 20194 | Orc:2    | Found a roughly hewn altar of Beogh.
 20217 | Orc:2    | Killed from afar by an orc priest

Action                   |  1- 3 |  4- 6 |  7- 9 | 10-12 | 13-15 || total
-------------------------+-------+-------+-------+-------+-------++-------
Melee: Spear             |    97 |   138 |   248 |   113 |       ||   596
       Halberd           |       |    11 |   100 |   772 |   248 ||  1131
       Glaive            |       |       |       |    24 |   644 ||   668
       Bardiche          |       |       |       |    36 |    11 ||    47
       Trident           |       |       |       |     2 |    10 ||    12
 Fire: Hunting sling     |    38 |    72 |    20 |    51 |       ||   181
       Blowgun           |       |       |    38 |    44 |       ||    82
       Arbalest          |       |       |       |     9 |    14 ||    23
Throw: Stone             |    31 |     1 |     4 |     5 |       ||    41
       Javelin           |       |       |       |       |     1 ||     1
Invok: Heroism           |       |       |     3 |     6 |     3 ||    12
       Finesse           |       |       |       |     1 |       ||     1
Evoke: Rod               |       |       |     2 |     9 |     8 ||    19
       Wand              |       |       |       |     1 |       ||     1
  Use: Scroll            |     9 |     6 |     7 |    12 |     8 ||    42
       Potion            |       |     3 |     1 |     2 |     1 ||     7
 Stab: Sleeping          |     2 |     1 |     6 |    24 |     4 ||    37
       Distracted        |       |       |     3 |     3 |     1 ||     7
       Paralysed         |       |       |       |     1 |       ||     1
  Eat: Chunk             |     2 |     6 |    12 |    23 |    20 ||    63
       Beef jerky        |       |       |     1 |     1 |       ||     2
       Fruit             |       |       |       |     2 |     2 ||     4
